 Dungeon Crawl Stone Soup version 0.29-a0-286-g41199d4a87 (webtiles) character file.

Game seed: 2337024776481402535

175 namelastname112 the Sneak (level 5, -2/45 HPs)
             Began as a Draconian Brigand on Mar 16, 2022.
             Slain by a gnoll shaman
             ... wielding a +0 whip
              (7 damage)
             ... on level 2 of the Dungeon.
             The game lasted 00:01:58 (2164 turns).

namelastname112 the Sneak (Draconian Brigand)       Turns: 2164, Time: 00:01:58

Health: -2/45      AC:  6    Str: 13    XL:     5   Next: 29%
Magic:  5/5        EV: 12    Int: 11    God:
Gold:   48         SH:  0    Dex: 15    Spells: 4/4 levels left

rFire   . . .      SeeInvis .   a - +2 dagger
rCold   . . .      Faith    .   (no shield)
rNeg    . . .      Spirit   .   (body armour unavailable)
rPois   .          Reflect  .   (helmet restricted)
rElec   .          Harm     .   b - +0 cloak
rCorr   .          Rampage  .   (no gloves)
Will    .....                   (no boots)
Stlth   +++.......              (no amulet)
HPRegen 0.15/turn               (no ring)
MPRegen 0.09/turn               (no ring)

@: flying
A: AC +5, unfitting armour, cold-blooded
a: no special abilities


You were on level 2 of the Dungeon.
You visited 1 branch of the dungeon, and saw 3 of its levels.

You collected 48 gold pieces.

Inventory:

Hand Weapons
 a - a +2 dagger (weapon)
Missiles
 c - 14 poisoned darts (quivered)
 d - 3 curare-tipped darts
Armour
 b - a +0 cloak (worn)
Wands
 p - a wand of polymorph (12)
Scrolls
 f - a scroll of silence {unknown}
 h - 2 scrolls of identify {unknown}
 j - 2 scrolls of holy word {unknown}
 k - a scroll of enchant armour {unknown}
 l - 2 scrolls of teleportation {unknown}
 m - a scroll of noise {unknown}
Potions
 e - 3 potions of flight
 g - a potion of brilliance {unknown}
 i - a potion of mutation {unknown}
 n - a potion of magic {unknown}
 o - a potion of lignification {unknown}


   Skills:
 + Level 3.2 Fighting
 + Level 3.0 Short Blades
 + Level 2.7 Throwing
 + Level 2.1 Dodging
 + Level 4.3 Stealth


You had 4 spell levels left.
You didn't know any spells.
Your spell library contained the following spells:

 Spells                   Type           Power      Damage    Failure   Level
 Beastly Appendage        Tmut           0%         N/A       34%         1
 Wereblood                Tmut           0%         N/A       47%         2
 Spider Form              Tmut/Pois      0%         N/A       71%         3


Dungeon Overview and Level Annotations

Branches:
Dungeon (3/15)

Altars:


Innate Abilities, Weirdness & Mutations

Your plain brown scales are hard. (AC +5)
You cannot fit into any form of body armour.
You are cold-blooded and may be slowed by cold attacks.


Message History

The gnoll hits you from afar with a +0 halberd of protection!!!
You take 13 damage, and have 20/45 hp!
MASSIVE DAMAGE!!!!!!
The gnoll shaman hits you with a +0 whip!
The gnoll misses you!
You climb upwards!
There is a stone staircase leading down here!
You take 2 damage, and have 18/45 hp!
You stick the gnoll shaman but do no damage!
The gnoll shaman is lightly wounded!
You stick the gnoll shaman but do no damage!
The gnoll shaman is moderately wounded!
The gnoll shaman hits you with a +0 whip!
You take 1 damage, and have 17/45 hp!
You spit the gnoll shaman but do no damage!
Your tail-slap misses the gnoll shaman!
The gnoll shaman is moderately wounded!
The gnoll shaman hits you with a +0 whip! * * * don't die
* * * You take 4 damage, and have 13/45 hp!
You spit the gnoll shaman but do no damage!
The gnoll shaman is moderately wounded!
The gnoll shaman hits you but does no damage!
You spit the gnoll shaman like a pig!
Your tail-slap misses the gnoll shaman!
The gnoll shaman is heavily wounded!
The gnoll shaman hits you with a +0 whip!!! * * * don't die
* * * You take 6 damage, and have 7/45 hp!
You perforate the gnoll shaman but do no damage!
The gnoll shaman is heavily wounded!
The gnoll shaman closely misses you!
You closely miss the gnoll shaman!
The gnoll shaman is severely wounded!
The gnoll shaman hits you with a +0 whip! * * * don't die
* * * You take 2 damage, and have 5/45 hp!
It was a potion of flight!
You feel very buoyant!
You fly up into the air!
The gnoll shaman hits you with a +0 whip!!! rip

####### ###### #.....# #....#
#.....############## #....#
#.....'............. #....#
#.....##############
##....######.....# #....#
#..[.............# #....#
#.....#..........#######....###
#............g@................
#.................#############
#...........).....#
#.####.##.........#
#.##...##.........#
#.##.####.........# ###
#.##.#..#.......### #..
#.##.#..........# ##..
#.##.##.........# ######...


You could see a gnoll shaman (very poisoned).

Vanquished Creatures
  Ijyb (D:3)
  Natasha (thrice) (D:2)
  2 gnolls (D:1)
  An adder (D:2)
  A dart slug (D:1)
  4 orcs (D:3)
  4 ball pythons
  5 bats
  2 endoplasms
  2 giant cockroaches (D:2)
  2 goblins (D:1)
  7 hobgoblins
  4 jackals (D:2)
  2 kobolds
  A quokka (D:1)
  A rat (D:1)
42 creatures vanquished.

Vanquished Creatures (others)
  5 plants (D:3)
  5 withered plants (D:2)
10 creatures vanquished.

Grand Total: 52 creatures vanquished

Notes
Turn   | Place    | Note
-------+----------+-------------------------------------------
     0 | D:1      | namelastname112 the Draconian Brigand began the quest for
                  | the Orb.
     0 | D:1      | Reached XP level 1. HP: 17/17 MP: 1/1
    54 | D:1      | Reached skill level 1 in Dodging
    54 | D:1      | Reached XP level 2. HP: 23/25 MP: 2/2
   340 | D:1      | Reached XP level 3. HP: 28/30 MP: 3/3
  1028 | D:2      | Noticed Natasha
  1040 | D:2      | Killed Natasha
  1041 | D:2      | Reached skill level 4 in Stealth
  1057 | D:2      | Reached XP level 4. HP: 24/37 MP: 4/4
  1387 | D:2      | Noticed Natasha
  1403 | D:2      | Killed Natasha
  1821 | D:2      | Found a faded altar of an unknown god.
  1823 | D:2      | Noticed Natasha
  1838 | D:2      | Killed Natasha
  1921 | D:2      | Reached XP level 5. HP: 42/45 MP: 5/5
  2016 | D:3      | Noticed Ijyb
  2018 | D:3      | Killed Ijyb
  2164 | D:2      | Slain by a gnoll shaman

Illustrated notes

Levels and vault maps discovered:
D:1:      dpeg_arrival_concentric_ovals, layout_loops_cross,
          grunt_decor_mini_mirrors
D:2:      layout_basic, ebering_ecumenical_altar_petrified,
          dreamdust_mushroom_princess, grunt_decor_cap, mrwooster_statue_mirror,
          minmay_pentomino_p4, uniq_natasha
D:3:      layout_basic, grunt_temple_overflow_open, tso_metal_star,
          serial_shops, nicolae_square_shop, nicolae_grassy_gnolls, uniq_ijyb,
          uniq_grinder, uniq_jessica

Skill      XL: |  1  2  3  4  5 |
---------------+----------------+-----
Throwing       | 2 |  2.7
Dodging        | 1 2 |  2.1
Stealth        | 4 |  4.3
Fighting       | 3 |  3.2
Short Blades   | 3 |  3.0

Action                   |  1- 3 |  4- 6 || total
-------------------------+-------+-------++-------
Melee: Dagger            |    89 |    77 ||   166
       Tailslap          |    11 |     7 ||    18
       Punch             |     2 |     2 ||     4
Throw: Dart              |     2 |     5 ||     7
  Use: Potion            |       |     1 ||     1
 Stab: Sleeping          |     4 |     6 ||    10
Armor: Skin              |    41 |    22 ||    63
Dodge: Dodged            |    65 |    57 ||   122

Table legend: (Time is in decaauts)
 A = Elapsed time spent in this place.
 B = Non-inter-level travel time spent in this place.
 C = Inter-level travel time spent in this place.
 D = Time resting spent in this place.
 E = Time spent auto-exploring this place.
 F = Levels seen in this place.
 G = Mean time per level.
                   A        B        C        D        E       F      G
               +--------+--------+--------+--------+--------+-----+--------+
         Total |   2152 |   2063 |     89 |    221 |   1497 |   3 |  717.3 |
       Dungeon |   2152 |   2063 |     89 |    221 |   1497 |   3 |  717.3 |
               +--------+--------+--------+--------+--------+-----+--------+

Top non-repeatable levels by time:
     D:2: 1107 daAuts
     D:1: 982 daAuts
     D:3: 62 daAuts
